 Dungeon Crawl Stone Soup version 0.27-a0-29-g2d0a2396b0 (webtiles) character file.

Game seed: 4537811147133882845

28 hehateme the Sneak (level 3, -1/20 HPs)
             Began as a Kobold Enchanter on Jan 4, 2021.
             Slain by an adder (2 damage)
             ... on level 2 of the Dungeon.
             The game lasted 00:01:17 (1358 turns).

hehateme the Sneak (Kobold Enchanter)               Turns: 1358, Time: 00:01:18

Health: -1/20      AC:  2    Str:  6    XL:     3   Next: 30%
Magic:  6/6        EV: 15    Int: 16    God:
Gold:   90         SH:  0    Dex: 15    Spells: 5/6 levels left

rFire    . . .     SeeInvis .   a - +1 dagger
rCold    . . .     Faith    .   (shield restricted)
rNeg     . . .     Spirit   .   b - +0 robe
rPois    .         Reflect  .   (no helmet)
rElec    .         Harm     .   (no cloak)
rCorr    .         Rampage  .   (no gloves)
Will     .....                  (no boots)
Stlth    ++++......             (no amulet)
HPRegen  0.06/turn              (no ring)
MPRegen  0.10/turn              (no ring)

@: lethally poisoned (-1 -> -5)
A: small, nightstalker 3
a: no special abilities


You were on level 2 of the Dungeon.
You visited 1 branch of the dungeon, and saw 2 of its levels.

You collected 90 gold pieces.

Inventory:

Hand Weapons
 a - a +1 dagger (weapon)
Missiles
 d - 17 arrows
 Q - 18 stones (quivered)
Armour
 b - a +0 robe (worn)
Scrolls
 c - a scroll of amnesia {unknown}
 f - a scroll of fear {unknown}
 g - 2 scrolls of magic mapping {unknown}
 h - 3 scrolls of identify {unknown}
Potions
 e - 2 potions of attraction {unknown}


   Skills:
 + Level 1.1 Fighting
 - Level 1.3 Short Blades
 - Level 2.4 Dodging
 - Level 4.0 Stealth
 - Level 2.1 Spellcasting
 * Level 3.5 Hexes
 * Level 1.5 Ice Magic


You had 5 spell levels left.
You knew the following spells:

 Your Spells              Type           Power        Failure   Level
v - Corona                Hex            13%          4%          1

Your spell library contained the following spells:

 Spells                   Type           Power        Failure   Level
 Ensorcelled Hibernation  Hex/Ice        18%          11%         2
 Confusing Touch          Hex            12%          14%         3
 Tukima's Dance           Hex            12%          14%         3
 Dazzling Flash           Conj/Hex       14%          30%         3


Dungeon Overview and Level Annotations

Branches:
Dungeon (2/15)

Altars:


Innate Abilities, Weirdness & Mutations

You are small and have problems with some larger weapons.
You are completely attuned to the shadows.


Message History

You barely miss the adder. The adder barely misses you.
You hit the adder. The adder bites you. The adder closely misses you.
You take 4 damage, and have 13/20 hp.
You hit the adder but do no damage. The adder bites you.
* * * LOW HITPOINT WARNING * * *
You are poisoned.
The adder poisons you!
You take 4 damage, and have 9/20 hp.
You hit the adder.
You feel sick. The adder bites you.
* * * LOW HITPOINT WARNING * * *
You take 5 damage, and have 4/20 hp.
GAME OVER YEAH!!
You don't know that spell.
You hit the adder. The adder bites you.
* * * LOW HITPOINT WARNING * * *
You take 2 damage, and have 2/20 hp.
You hit the adder but do no damage.
* * * LOW HITPOINT WARNING * * *
You feel sick. The adder bites you.
You die...

#..?.#.###.###.###
#.....#.#.#.#.#.#.
#.....#.#.#.#.#.#.
####....###.###.###.#
#......#..###.###.###
+......+... ........
#......#... ###.###
#....(.# #....
#...@..# ##..#
#..).S.# #..#
#......# ##.#
#......# #.. #.......
#####.. #...#..
###.... #.#.. ###+#..

Skill      XL: |  1  2  3 |
---------------+----------+-----
Ice Magic      | 1 |  1.5
Fighting       | 1 |  1.1
Short Blades   | |  1.3
Dodging        | |  2.4
Stealth        | |  4.0
Spellcasting   | |  2.1
Hexes          | |  3.5

Notes
Turn   | Place    | Note
-------+----------+-------------------------------------------
     0 | D:1      | hehateme the Kobold Enchanter began the quest for the Orb.
     0 | D:1      | Reached XP level 1. HP: 10/10 MP: 3/3
   199 | D:1      | Reached XP level 2. HP: 16/16 MP: 5/5
   216 | D:1      | Reached skill level 1 in Ice Magic
   415 | D:1      | HP: 4/16 [hobgoblin (1)]
   952 | D:1      | Reached XP level 3. HP: 20/20 MP: 6/6
  1002 | D:1      | Reached skill level 1 in Fighting
  1356 | D:2      | HP: 4/20 [adder (4)]
  1358 | D:2      | HP: 1/20 [poisoned by an adder]
  1358 | D:2      | Slain by an adder

Table legend: (Time is in decaauts)
 A = Elapsed time spent in this place.
 B = Non-inter-level travel time spent in this place.
 C = Inter-level travel time spent in this place.
 D = Time resting spent in this place.
 E = Time spent auto-exploring this place.
 F = Levels seen in this place.
 G = Mean time per level.
                   A        B        C        D        E       F      G
               +--------+--------+--------+--------+--------+-----+--------+
         Total |   1353 |   1289 |     64 |    233 |    904 |   2 |  676.5 |
       Dungeon |   1353 |   1289 |     64 |    233 |    904 |   2 |  676.5 |
               +--------+--------+--------+--------+--------+-----+--------+

Top non-repeatable levels by time:
     D:1: 1228 daAuts
     D:2: 124 daAuts

Table legend:
 A = Kills in this place as a percentage of kills in entire the game.
 B = Kills by you in this place as a percentage of kills by you in the entire game.
 C = Kills by friends in this place as a percentage of kills by friends in the entire game.
 D = Other kills in this place as a percentage of other kills in the entire game.
 E = Experience gained in this place as a percentage of experience gained in the entire game.
 F = Experience gained in this place divided by the number of levels of this place that you have seen.
                   A       B       C       D       E      F
               +-------+-------+-------+-------+-------+----------------------
         Total | 100.0 | 100.0 |   N/A |   N/A | 100.0 |  20.5
       Dungeon | 100.0 | 100.0 |   N/A |   N/A | 100.0 |  20.5
               +-------+-------+-------+-------+-------+----------------------

Action                   || total
-------------------------++-------
Melee: Dagger            ||    62
 Stab: Sleeping          ||    16
Armor: Robe              ||     3
Dodge: Dodged            ||    27

Vanquished Creatures
  A dart slug (D:1)
  A leopard gecko (D:1)
  A ball python (D:1)
  3 bats
  A giant cockroach (D:1)
  3 goblins
  4 hobgoblins
  2 kobolds (D:1)
  A frilled lizard (D:1)
  6 rats
23 creatures vanquished. You could see an adder.

Levels and vault maps discovered:
D:1:      scummos_arrival_star, layout_basic
D:2:      layout_basic, grunt_decor_resistance
